Map: 2000 Atmospheres LE

Players

A.I. 1 (Very Easy)

  • Race: Terran Terran
  • Spawn Location: 3:00

Xana - Winner!

  • Race: Zerg Zerg
  • League: Gold
  • Spawn Location: 7:00

VOD

Have the link to the VOD?

Description

Time

  • Played on: July 12, 2022, 2:37 p.m.
  • Length: 9:02
Show
View Real Time Build Order
Export as new Build Order

A.I. 1 (Very Easy) Terran 

Build Orders: Reaper Expand 

Get SALT Encoding   

  12  0:00  SCV  
  13  0:13  SCV  
  14  0:18  Supply Depot  
  14  0:42  Barracks  
  14  1:01  Command Center  
  14  1:29  Supply Depot  
  14  1:30  Orbital Command  
  14  1:31  Marine  
  15  1:35  Refinery  
  15  1:48  Refinery  
  15  1:55  SCV  
  16  2:07  SCV  
  17  2:13  SCV  
  17  2:15  Reaper  
  19  2:21  SCV  
  20  2:28  SCV  
  21  2:35  SCV  
  22  2:42  SCV  
  22  2:43  Refinery  
  23  2:49  SCV  
  24  2:56  SCV  
  25  3:00  Marine  
  25  3:04  SCV  
  27  3:11  SCV  
  27  3:12  Factory  
  28  3:36  Refinery  
  28  3:38  SCV  
  29  3:45  Marine, SCV  
  31  3:52  SCV  
  32  3:56  Supply Depot  
  32  3:59  Starport, SCV  
  33  4:06  SCV  
  34  4:14  SCV  
  35  4:21  SCV  
  36  4:28  SCV  
  36  4:30  Marine  
  38  4:35  SCV  
  38  4:36  Starport Tech Lab  
  38  4:38  Supply Depot  
  39  4:42  SCV  
  40  4:49  SCV  
  41  4:54  Raven  
  41  4:56  SCV  
  44  5:04  SCV  
  45  5:11  SCV  
  46  5:15  Marine  
  46  5:18  SCV  
  48  5:37  Raven  
  50  6:00  Reaper  
  51  6:32  Barracks Tech Lab  
  51  6:53  Marauder  
  53  8:33  Marine  
  53  8:35  Supply Depot  
  53  8:36  SCV  
Show
View Real Time Build Order
Export as new Build Order

Xana Zerg - Winner!

Build Orders: Pool First, Roach Hydra 

Get SALT Encoding   

  12  0:00  Drone  
  13  0:12  Overlord  
  13  0:17  Drone  
  14  0:33  Spawning Pool  
  13  0:38  Drone  
  14  0:43  Drone  
  14  0:45  Drone  
  14  0:49  Drone  
  17  1:13  Hatchery  
  17  1:14  Drone  
  17  1:23  Extractor, Drone x2  
  18  1:31  Drone  
  19  1:42  Drone  
  20  1:54  Drone  
  21  2:04  Overlord  
  21  2:15  Zergling x2  
  22  2:24  Drone  
  22  2:25  Drone  
  22  2:26  Queen x2  
  28  2:35  Drone  
  29  2:38  Drone  
  30  2:48  Drone x2  
  32  2:57  Drone x2  
  34  3:02  Hatchery  
  34  3:05  Queen  
  35  3:09  Drone  
  35  3:10  Overlord  
  36  3:19  Overlord  
  36  3:29  Drone x2  
  36  3:30  Drone  
  39  3:36  Drone x5  
  39  3:37  Drone  
  45  3:42  Lair  
  45  3:44  Roach Warren  
  45  3:46  Drone x2  
  46  3:52  Extractor  
  46  3:53  Drone  
  46  3:54  Drone  
  47  4:03  Drone  
  48  4:13  Drone x2  
  50  4:17  Drone x6  
  56  4:30  Drone x2  
  58  4:31  Overlord  
  58  4:44  Extractor  
  57  4:46  Extractor, Queen, Overlord x3  
  57  4:47  Glial Reconstitution  
  57  4:51  Drone x6  
  64  4:56  Overlord  
  64  5:01  Drone  
  65  5:07  Drone  
  65  5:08  Drone  
  67  5:16  Drone  
  67  5:18  Drone x4, Evolution Chamber  
  67  5:19  Evolution Chamber  
  70  5:29  Extractor, Drone x3  
  70  5:30  Drone x3  
  70  5:31  Drone x2  
  70  5:32  Extractor  
  76  5:47  Overlord x6  
  76  5:49  Overseer  
  76  5:53  Zerg Ground Armor Level 1, Zerg Missile Weapons Level 1  
  76  5:56  Infestation Pit  
  75  5:57  Drone x2  
  75  5:58  Hydralisk Den, Drone  
  75  6:03  Overlord x4  
  77  6:08  Pneumatized Carapace  
  77  6:15  Roach x10  
  77  6:16  Roach x2  
  101  6:23  Drone  
  101  6:24  Drone, Overlord  
  103  6:32  Grooved Spines  
  103  6:34  Roach  
  103  6:37  Overlord x2  
  105  6:58  Hatchery  
  105  6:59  Roach x7  
  105  7:00  Roach x2  
  122  7:22  Hydralisk x14  
  150  7:23  Roach  
  152  7:32  Hydralisk, Roach x2  
  158  7:43  Muscular Augments  
  158  8:04  Hydralisk x5  
  158  8:05  Hydralisk, Roach x6  
Tags
 
Add a new tag
Caveats
  • Supply blocks, unpowered buildings, or Contaminate may cause inaccurate times.
  • Supply counts are checked every 10 seconds.